 Dungeon Crawl Stone Soup version 0.28-a0-1518-gbe868bca14 (webtiles) character file.

Game seed: 12813427257312289882

15 sizableburger the Vexing (level 2, 29/29 HPs)
             Began as an Ogre Arcane Marksman on Jan 17, 2022.
             Was a Follower of Trog.
             Quit the game on level 1 of the Dungeon.
             The game lasted 00:02:00 (931 turns).

sizableburger the Vexing (Ogre Arcane Marksman)      Turns: 931, Time: 00:02:01

Health: 29/29      AC:  3    Str: 13    XL:     2   Next: 50%
Magic:  3/3        EV:  9    Int: 14    God:    Trog [*.....]
Gold:   3          SH:  0    Dex:  9    Spells: 2/3 levels left

rFire   . . .      SeeInvis .   f - +0 club
rCold   . . .      Faith    .   (no shield)
rNeg    . . .      Spirit   .   a - +0 robe
rPois   .          Reflect  .   (helmet restricted)
rElec   .          Harm     .   (no cloak)
rCorr   .          Rampage  .   (gloves unavailable)
Will    .....                   (boots unavailable)
Stlth   +.........              (no amulet)
HPRegen 0.09/turn               g - ring of flight
MPRegen 0.08/turn               (no ring)

@: flying
A: large, unfitting armour, tough skin 1
a: Renounce Religion, Berserk


You were on level 1 of the Dungeon.
You worshipped Trog.
Trog was aware of your devotion.
You visited 1 branch of the dungeon, and saw 1 of its levels.

You collected 3 gold pieces.

Inventory:

Hand Weapons
 d - a +0 short sword
 f - a +0 club (weapon)
Missiles
 b - 4 large rocks
 c - a throwing net (quivered)
Armour
 a - a +0 robe (worn)
Jewellery
 g - a ring of flight (left hand)
Scrolls
 e - a scroll of brand weapon {unknown}


   Skills:
 + Level 2.5 Fighting
 + Level 0.0 Maces & Flails
 + Level 2.5 Throwing
 - Level 1.7 Dodging
 - Level 1.2 Spellcasting
 - Level 2.6 Hexes


You had 2 spell levels left.
You knew the following spells:

 Your Spells              Type           Power      Damage    Failure   Level
a - Slow                  Hex            32%        N/A       9%          1

Your spell library contained the following spells:

 Spells                   Type           Power      Damage    Failure   Level
 Inner Flame              Hex/Fire       4%         N/A       41%         3
 Portal Projectile        Hex/Tloc       8%         N/A       41%         3
 Cause Fear               Hex            4%         N/A       65%         4


Dungeon Overview and Level Annotations

Branches:
Dungeon (1/15)

Altars:
Trog


Innate Abilities, Weirdness & Mutations

You are too large for most types of armour.
You have tough skin. (AC +1)


Message History

The bat hits you but does no damage. The bat hits you but does no damage.
The bat hits you. The bat closely misses you.
A bat is nearby!
The bat barely misses you. The bat closely misses you.
The bat hits you but does no damage. The bat closely misses you.
The bat barely misses you. The bat hits you but does no damage.
A bat is nearby!
The bat closely misses you. The bat hits you but does no damage.
The bat hits you.
You hit the bat.
You kill the bat!
You start resting.
HP restored.
You now have 3 gold pieces.
Things that are here:
a +0 club; a goblin skeleton
f - a +0 club
f - a +0 club (weapon)
g - a ring of flight You fly up into the air.
g - a ring of flight (left hand)
Found a stone staircase leading down.
Okay, then.
Okay, then.
Okay, then.
Found a faded altar of an unknown god.
Found a stone staircase leading down.
There is a stone staircase leading down here.
There is a faded altar of an unknown god here.
You cannot tell which god this altar belongs to.
Convert to them anyway?
Trog accepts your prayer! Trog welcomes you!
You can now go berserk at will.
A hobgoblin comes into view.
Are you sure you want to abandon this character and quit the game? (Confirm with "yes".)

#.# #.## ... ###### #..# ..g
...... #..# .. #######(. #..# ..
......... #..# ###. ######.# #..#
#.. #..# #..# #.# ######.#. #..#
###@# #####........
###..#########...# #......######
..#.>..........### #.###..#
..#..........### ##.###..#
.............# #......##
...#.........# #..##..#######
...............# ##.##..........
.............#.####......########
....#........#.##.....##.# #


You could see a hobgoblin.

Vanquished Creatures
  3 ball pythons (D:1)
  An endoplasm (D:1)
  A goblin (D:1)
  2 hobgoblins (D:1)
  A quokka (D:1)
  4 bats (D:1)
  A frilled lizard (D:1)
  A kobold (D:1)
14 creatures vanquished.

Notes
Turn   | Place    | Note
-------+----------+-------------------------------------------
     0 | D:1      | sizableburger the Ogre Arcane Marksman began the quest for
                  | the Orb.
     0 | D:1      | Reached XP level 1. HP: 19/19 MP: 2/2
   535 | D:1      | Reached XP level 2. HP: 28/28 MP: 3/3
   887 | D:1      | Found a faded altar of an unknown god.
   903 | D:1      | Prayed at the altar of an unknown god.
   903 | D:1      | Became a worshipper of Trog the Wrathful
   903 | D:1      | Reached * piety under Trog
   931 | D:1      | Quit the game

Illustrated notes

Levels and vault maps discovered:
D:1:      lemuel_arrival_cross, layout_rooms, chequers_ecumenical_altar_simple

Skill      XL: |  1 |
---------------+----+-----
Fighting       | 2 |  2.5
Throwing       | |  2.5
Dodging        | |  1.7
Spellcasting   | |  1.2
Hexes          | |  2.6

Action                   || total
-------------------------++-------
Melee: Unarmed           ||    34
       Short sword       ||    32
Throw: Throwing net      ||     1
 Cast: Slow              ||     1
Armor: Robe              ||    54
Dodge: Dodged            ||    74

Table legend: (Time is in decaauts)
 A = Elapsed time spent in this place.
 B = Non-inter-level travel time spent in this place.
 C = Inter-level travel time spent in this place.
 D = Time resting spent in this place.
 E = Time spent auto-exploring this place.
 F = Levels seen in this place.
 G = Mean time per level.
                   A        B        C        D        E       F      G
               +--------+--------+--------+--------+--------+-----+--------+
         Total |    932 |    915 |     17 |    449 |    242 |   1 |  932.0 |
       Dungeon |    932 |    915 |     17 |    449 |    242 |   1 |  932.0 |
               +--------+--------+--------+--------+--------+-----+--------+

Top non-repeatable levels by time:
     D:1: 932 daAuts
